 Dungeon Crawl Stone Soup version 0.30.1-4-g462c640d31 (webtiles) character file.

Game seed: 1452202228653099232

68 rvierbuc the Conjurer (level 3, -5/26 HPs)
             Began as a Demigod Conjurer on Aug 20, 2023.
             Slain by a goblin
             ... wielding a +0 hand axe
             ... led by Robin
              (6 damage)
             ... on level 2 of the Dungeon.
             The game lasted 00:05:52 (1555 turns).

rvierbuc the Conjurer (Demigod Conjurer)            Turns: 1555, Time: 00:05:52

Health: -5/26      AC:  2    Str:  8    XL:     3   Next: 73%
Magic:  0/9        EV: 12    Int: 24    God:
Gold:   68         SH:  0    Dex: 12    Spells: 3/6 levels left

rFire   . . .        d - +1 dagger (elec)
rCold   . . .        (no shield)
rNeg    . . .        a - +0 robe
rPois   .            (no helmet)
rElec   .            (no cloak)
rCorr   .            (no gloves)
SInv    .            (no boots)
Will    .....        (no amulet)
Stlth   ++           (no ring)
HPRegen 0.24/turn    (no ring)
MPRegen 0.11/turn

%: no passive effects
@: mighty
A: high MP 1, forlorn, divine attributes
a: no special abilities


You were on level 2 of the Dungeon.
You visited 1 branch of the dungeon, and saw 2 of its levels.

You collected 68 gold pieces.

Inventory:

Hand Weapons
 d - a +1 dagger of electrocution (weapon)
Armour
 a - a +0 robe (worn)
 k - a +0 leather armour of fire resistance
Scrolls
 c - a scroll of amnesia {unknown}
 e - 3 scrolls of identify {unknown}
 f - a scroll of poison {unknown}
 g - 2 scrolls of magic mapping {unknown}
 i - a scroll of butterflies {unknown}
 j - a scroll of teleportation {unknown}
 m - a scroll of enchant armour {unknown}
 n - a scroll of immolation {unknown}
Potions
 b - 2 potions of magic
 l - a potion of curing {unknown}


   Skills:
 + Level 0.2 Fighting
 + Level 2.1 Dodging
 + Level 1.9 Stealth
 + Level 2.4 Spellcasting
 + Level 4.4 Conjurations


You had 3 spell levels left.
You knew the following spells:

 Your Spells              Type           Power      Damage    Failure   Level
a - Magic Dart            Conj           96%        1d7       1%          1
b - Searing Ray           Conj           48%        2d6       2%          2

Your spell library contained the following spells:

 Spells                   Type           Power      Damage    Failure   Level
 Dazzling Flash           Conj/Hex       26%        N/A       14%         3
 Fulminant Prism          Conj/Hex       6%         3d7       41%         4
 Iskenderun's Mystic Bla  Conj/Tloc      13%        2d5       41%         4
 Summon Ice Beast         Ice/Summ       2%         N/A       75%         4
 Summon Mana Viper        Hex/Summ       2%         N/A       97%         5
 Monstrous Menagerie      Summ           1%         N/A       100%        7


Dungeon Overview and Level Annotations

Branches:
Dungeon (2/15)

Shops:
D:1 :


Innate Abilities, Weirdness & Mutations

You have an increased reservoir of magic. (+10% MP)
You shall have no god before yourself.
Your divine heritage dramatically boosts your attributes as you level up.


Message History

You kill the goblin!
Robin of the Strong Arm comes into view.
They are wielding a +0 spear.
Your Dodging skill increases to level 2!
You barely miss the goblin. The goblin hits you but does no damage.
Robin shouts!
You hit the goblin.
The goblin is moderately wounded.
You hear a shout! x3
Robin throws the goblin at you! The goblin hits you but does no damage.
You barely miss the goblin.
The goblin is moderately wounded.
The goblin barely misses you. The goblin hits you with a +0 club.
Casting: Magic Dart (safe; 1% risk of failure)
Confirm with . or Enter, or press ? or * to list all spells.
Aiming: Searing Ray (safe; 2% risk of failure)
Press: ? - help, Shift-Dir - straight line, f - Robin
Aim: Robin, wielding a +0 spear, wearing a +0 animal skin and wearing a +0 helmet (85% to hit)
The searing ray hits the goblin.
You kill the goblin!
The searing ray hits Robin!
Robin is heavily wounded. (Press . to maintain the ray.)
You hear a shout!
The goblin hits you with a +0 hand axe.
* * * LOW HITPOINT WARNING * * *
Robin roars a battlecry!
The goblin goes into a battle-frenzy!
You hear a shout!
You hear an angry hiss.
The searing ray hits Robin!
Robin is almost dead.
The goblin hits you with a +0 hand axe.
* * * LOW HITPOINT WARNING * * *
The searing ray hits Robin!
You kill Robin!
The goblin barely misses you.
An adder comes into view.
It was a potion of might.
You feel very mighty all of a sudden. The goblin hits you with a +0 hand axe.
You die...

#.....# #.†...#
#.....# #.....#
#.....# #....[# .###
##.....# g...###
#.g....# .g.....
#@####.## .g..... #)#
#..# g.g..†.##)# ##.#
......[#)†# ##.#####
....wr...## #......#
........#### #......#
...........<##......#
......S.###[.#......#
........# #........#


You could see an adder and a goblin (strong).

Vanquished Creatures
  Robin (D:2)
  4 dart slugs
  5 ball pythons
  6 bats
  7 endoplasms (D:1)
  3 giant cockroaches (D:1)
  8 goblins
  3 hobgoblins
  5 frilled lizards (D:1)
  4 kobolds
  2 rats (D:2)
48 creatures vanquished.

Notes
Turn   | Place    | Note
-------+----------+-------------------------------------------
     0 | D:1      | rvierbuc the Demigod Conjurer began the quest for the Orb.
     0 | D:1      | Reached XP level 1. HP: 14/14 MP: 5/5
   192 | D:1      | Reached skill level 4 in Conjurations
   328 | D:1      | Reached XP level 2. HP: 20/20 MP: 5/7
   331 | D:1      | Learned a level 2 spell: Searing Ray
   516 | D:1      | You fall into a shaft and drop 1 floor!
   555 | D:1      | Found Mobrusen's Vocational Training.
  1118 | D:1      | Reached XP level 3. HP: 24/26 MP: 1/8
  1548 | D:2      | Noticed Robin
  1553 | D:2      | HP: 1/26 [goblin/+0 hand axe[Robin] (5)]
  1554 | D:2      | Killed Robin
  1555 | D:2      | Slain by a goblin

Illustrated notes

Levels and vault maps discovered:
D:1:      spicycebolla_arrival_risky_transporter, layout_basic,
          kennysheep_nondescript, nicolae_shop_vocational
D:2:      layout_rooms, chequers_jeans, minmay_snake_closets, uniq_natasha,
          uniq_robin, uniq_sigmund

Skill      XL: |  1  2  3 |
---------------+----------+-----
Conjurations   | 4 |  4.4
Spellcasting   | 2 |  2.4
Dodging        | 2 |  2.1
Fighting       | |  0.2
Stealth        | |  1.9

Action                     || total
---------------------------++-------
  Melee: Unarmed           ||     1
         Dagger            ||    37
   Cast: Magic Dart        ||    69
         Searing Ray       ||     2
    Use: Potion            ||     1
 Armour: Robe              ||     6
  Dodge: Dodged            ||    15
